 Dungeon Crawl Stone Soup version 0.29-a0-284-gf9362112df (webtiles) character file.

Game seed: 16665571247170160349

1269 pokeman the Thaumaturge (level 8, -11/44 HPs)
             Began as a Deep Elf Hedge Wizard on Mar 14, 2022.
             Killed from afar by an acid dragon (33 damage)
             ... with a splash of acid
             ... on level 5 of the Dungeon.
             The game lasted 00:07:44 (4657 turns).

pokeman the Thaumaturge (Deep Elf Hedge Wizard)     Turns: 4657, Time: 00:07:45

Health: -11/44     AC:  2    Str:  7    XL:     8   Next: 28%
Magic:  2/23       EV: 12    Int: 22    God:
Gold:   256        SH:  0    Dex: 14    Spells: 14/25 levels left

rFire   . . .      SeeInvis +   q - +5 dagger of Muisunal {vorpal, *Slow rN+ SInv}
rCold   . . .      Faith    .   (no shield)
rNeg    + . .      Spirit   .   j - +0 leather armour
rPois   .          Reflect  .   c - +0 hat
rElec   .          Harm     .   p - +2 cloak
rCorr   .          Rampage  .   (no gloves)
Will    .....                   (no boots)
Stlth   ++........              (no amulet)
HPRegen 0.14/turn               (no ring)
MPRegen 0.18/turn               (no ring)

@: corroded
A: no striking features
a: no special abilities


You were on level 5 of the Dungeon.
You visited 1 branch of the dungeon, and saw 5 of its levels.

You collected 256 gold pieces.

Inventory:

Hand Weapons
 o - a +2 quarterstaff of chaos
 q - the +5 dagger of Muisunal (weapon) {vorpal, *Slow rN+ SInv}
   (You found it on level 4 of the Dungeon)

   It inflicts extra damage upon your enemies.
   rN:        It protects you from negative energy.
   SInv:      It lets you see invisible.
   *Slow:     It may slow you when you take damage.
 r - a +0 scythe of venom
Armour
 c - a +0 hat (worn)
 j - a +0 leather armour (worn)
 p - a +2 cloak (worn)
Scrolls
 b - a scroll of immolation {unknown}
 e - 3 scrolls of teleportation {unknown}
 h - 4 scrolls of identify {unknown}
 i - 2 scrolls of noise {unknown}
 k - 2 scrolls of magic mapping {unknown}
 l - a scroll of vulnerability {unknown}
 m - a scroll of fear {unknown}
 n - a scroll of amnesia {unknown}
Potions
 a - 2 potions of invisibility {unknown}
 d - 2 potions of magic
 g - a potion of flight {unknown}


   Skills:
 - Level 2.0 Fighting
 + Level 1.6 Armour
 - Level 3.1 Dodging
 - Level 4.2 Stealth
 * Level 9.4 Spellcasting
 + Level 4.8 Conjurations
 - Level 1.1 Summonings
 - Level 1.1 Translocations
 + Level 3.5 Fire Magic
 - Level 1.0 Air Magic
 - Level 1.0 Poison Magic


You had 14 spell levels left.
You knew the following spells:

 Your Spells              Type           Power      Damage    Failure   Level
a - Magic Dart            Conj           100%       1d8       1%          1
b - Mephitic Cloud        Conj/Pois/Air  20%        N/A       11%         3
c - Call Imp              Summ           15%        N/A       9%          2
d - Blink                 Tloc           30%        N/A       9%          2
e - Conjure Flame         Conj/Fire      29%        6-21      4%          3

Your spell library contained the following spells:

 Spells                   Type           Power      Damage    Failure   Level
 Slow                     Hex            40%        N/A       10%         1
 Dazzling Flash           Conj/Hex       42%        N/A       11%         3
 Iskenderun's Mystic Bla  Conj/Tloc      23%        2d6       26%         4
 Starburst                Conj/Fire      14%        6d6       94%         6


Dungeon Overview and Level Annotations

Branches:
Dungeon (5/15)             Temple (0/1) D:5

Altars:
Dithmenos

Annotations:
D:5 3 runed translucent doors


Message History

The orc appears confused.
The orc barely misses the orc wizard.
Unknown command.
Unknown command.
The orc wizard is engulfed in noxious fumes.
The orc is engulfed in noxious fumes.
The orc appears confused.
You completely miss the orc wizard.
The orc wizard hits you but does no damage.
The orc is engulfed in noxious fumes.
The orc appears confused.
Unknown command.
You hit the orc wizard but do no damage.
The orc is engulfed in noxious fumes.
The orc appears confused.
The orc closely misses the orc wizard.
The orc wizard is engulfed in noxious fumes.
The orc wizard appears confused.
The orc wizard hits you but does no damage.
The orc hits the ogre with a +0 hand axe.
You hit the orc wizard.
The orc wizard is moderately wounded.
You hit the orc wizard.
The orc wizard is moderately wounded.
You hit the orc wizard.
The orc wizard is heavily wounded.
The orc wizard hits you but does no damage.
The orc hits the ogre with a +0 hand axe.
You hit the orc wizard but do no damage.
The orc wizard is heavily wounded.
The orc hits the orc wizard with a +0 hand axe.
The orc wizard is killed!
An acid dragon comes into view.
The acid dragon spits acid at you. The splash of acid hits you!!
The acid corrodes you! The acid dragon closely misses you.
The acid dragon claws you but does no damage.
Something barely misses the ogre.
The acid dragon attacks as you move away!
The acid dragon bites you. The acid dragon misses you.
The acid dragon spits acid at you. The splash of acid hits you!!
Ouch! That really hurt!
You die...

..? #.8.>.8 .... .:.⌠o⌠.
.... ######).8.8.8 .....
######.).†........
+++####...O..#######....
..........#### .
....)..D..#
#.<......###...
#.[....@.....#
#........#####
#........# #........#
##########


You could see an acid dragon (catching breath) and an ogre.

Vanquished Creatures
  Pikel (D:4)
  Sigmund (D:4)
  Edmund (D:4)
  An ogre (D:3)
  A phantom (D:5)
  A howler monkey (D:5)
  2 jellies (D:4)
  A hound (D:4)
  Crazy Yiuf (D:4)
  Ijyb (D:4)
  An iguana (D:5)
  An orc wizard (D:5)
  3 adders
  4 dart slugs
  6 orcs
  10 endoplasms
  2 giant cockroaches (D:1)
  7 hobgoblins
  8 jackals
  6 quokkas
  4 ball pythons
  7 bats
  3 frilled lizards (D:1)
  9 goblins
  7 kobolds
  4 rats
93 creatures vanquished.

Notes
Turn   | Place    | Note
-------+----------+-------------------------------------------
     0 | D:1      | pokeman the Deep Elf Hedge Wizard began the quest for the
                  | Orb.
     0 | D:1      | Reached XP level 1. HP: 10/10 MP: 7/7
   245 | D:1      | Reached XP level 2. HP: 16/16 MP: 2/9
   605 | D:1      | Reached skill level 5 in Spellcasting
   752 | D:1      | Reached XP level 3. HP: 20/20 MP: 8/11
   756 | D:1      | Learned a level 3 spell: Mephitic Cloud
   759 | D:1      | Learned a level 2 spell: Call Imp
   762 | D:1      | Learned a level 2 spell: Blink
   766 | D:1      | Learned a level 3 spell: Conjure Flame
  1401 | D:2      | Found a faded altar of an unknown god.
  1436 | D:2      | Reached skill level 1 in Fighting
  1463 | D:2      | Reached skill level 1 in Armour
  2079 | D:2      | Reached XP level 4. HP: 25/25 MP: 11/13
  2311 | D:3      | Found a shadowy altar of Dithmenos.
  2317 | D:3      | Noticed an ogre
  2327 | D:3      | Killed an ogre
  2328 | D:3      | Reached skill level 6 in Spellcasting
  2328 | D:3      | Reached XP level 5. HP: 29/29 MP: 7/15
  3411 | D:4      | Noticed Pikel
  3411 | D:4      | Noticed a lemure
  3411 | D:4      | Noticed a lemure
  3413 | D:4      | Noticed a lemure
  3424 | D:4      | Noticed a lemure
  3426 | D:4      | Killed Pikel
  3427 | D:4      | Reached skill level 8 in Spellcasting
  3427 | D:4      | Reached XP level 6. HP: 30/34 MP: 3/19
  3427 | D:4      | Reached XP level 7. HP: 34/38 MP: 3/20
  3596 | D:4      | Found a runed translucent door.
  3597 | D:4      | Noticed Crazy Yiuf
  3613 | D:4      | Killed Crazy Yiuf
  3947 | D:4      | Reached skill level 1 in Poison Magic
  3996 | D:4      | Noticed Ijyb
  4029 | D:4      | Killed Ijyb
  4030 | D:4      | Reached skill level 1 in Air Magic
  4107 | D:4      | Identified the +5 dagger of Muisunal {vorpal, *Slow rN+
                  | SInv}
  4394 | D:4      | Noticed Edmund
  4395 | D:4      | Noticed Sigmund
  4402 | D:4      | Killed Sigmund
  4405 | D:4      | Killed Edmund
  4406 | D:4      | Reached skill level 9 in Spellcasting
  4406 | D:4      | Reached XP level 8. HP: 30/44 MP: 17/23
  4561 | D:5      | Entered Level 5 of the Dungeon
  4588 | D:5      | Found a runed translucent gate.
  4588 | D:5      | Found a runed translucent gate.
  4588 | D:5      | Found a runed translucent gate.
  4601 | D:5      | Found a staircase to the Ecumenical Temple.
  4657 | D:5      | Killed from afar by an acid dragon

Illustrated notes

Levels and vault maps discovered:
D:1:      dpeg_arrival_arbitrary_a, layout_rooms, minmay_tromino_mix6
D:2:      layout_rooms, chequers_ecumenical_altar_simple_redux,
          columned_hall_lemuel
D:3:      layout_basic, mainiacjoe_overflow_six_doors_small
D:4:      layout_basic, sigmund_edmund_badplayer, uniq_pikel,
          uniq_crazy_yiuf_cottage, uniq_ijyb
D:5:      layout_rooms, minmay_temple_entry_statues_fountains,
          gammafunk_ghost_cemetery, uniq_eustachio, uniq_blork_the_orc,
          uniq_grinder

Skill      XL: |  1  2  3  4  5  6  7  8 |
---------------+-------------------------+-----
Spellcasting   | 5 6 8 9 |  9.4
Fighting       | 1 2 |  2.0
Armour         | 1 |  1.6
Conjurations   | 2 3 4 |  4.8
Dodging        | 3 |  3.1
Stealth        | 4 |  4.2
Fire Magic     | 2 3 |  3.5
Poison Magic   | 1 |  1.0
Air Magic      | 1 |  1.0
Summonings     | |  1.1
Translocations | |  1.1

Action                   |  1- 3 |  4- 6 |  7- 9 || total
-------------------------+-------+-------+-------++-------
Melee: Dagger            |     3 |       |    13 ||    16
       Short sword       |       |    26 |     7 ||    33
 Cast: Magic Dart        |   121 |    38 |    48 ||   207
       Mephitic Cloud    |       |     2 |     5 ||     7
       Call Imp          |       |     1 |     4 ||     5
       Conjure Flame     |       |     1 |     3 ||     4
 Stab: Sleeping          |       |     3 |       ||     3
       Confused          |       |       |     2 ||     2
Armor: Robe              |     2 |       |       ||     2
       Leather armour    |       |     2 |     5 ||     7
Dodge: Dodged            |    11 |    15 |     7 ||    33

Table legend: (Time is in decaauts)
 A = Elapsed time spent in this place.
 B = Non-inter-level travel time spent in this place.
 C = Inter-level travel time spent in this place.
 D = Time resting spent in this place.
 E = Time spent auto-exploring this place.
 F = Levels seen in this place.
 G = Mean time per level.
                   A        B        C        D        E       F      G
               +--------+--------+--------+--------+--------+-----+--------+
         Total |   4659 |   4566 |     93 |     81 |   3868 |   5 |  931.8 |
       Dungeon |   4659 |   4566 |     93 |     81 |   3868 |   5 |  931.8 |
               +--------+--------+--------+--------+--------+-----+--------+

Top non-repeatable levels by time:
     D:4: 1354 daAuts
     D:1: 1244 daAuts
     D:3: 1110 daAuts
     D:2: 878 daAuts
     D:5: 71 daAuts
